[Event "Team 45 45 League T100"]
[Site "Internet Chess Club"]
[Date "2024.06.21"]
[Round "6"]
[White "ElValero"]
[Black "kabindra"]
[Result "1-0"]
[WhiteElo "1723"]
[BlackElo "1586"]
[Opening "Queen's pawn game, Chigorin variation"]
[ECO "D02"]
[Time "14:00:21"]
[PlyCount "52"]
[TimeControl "2700+45"]

1. Nf3 d5 2. d4 Nc6 3. Bf4 Bf5 4. c4 e6 5. Nc3 Nf6 6. e3 Ne4 7. Rc1 Bb4 8. Qb3
a5 9. a4 f6 10. Be2 g5 11. Bg3 h5 12. h3 Nxg3 13. fxg3 Qd6 14. O-O Qxg3 15. cxd5
g4 16. dxc6 gxf3 17. Rxf3 Qg7 18. cxb7 Rd8 19. d5 Rg8 20. Bf1 Bxc3 21. b8=Q Be5
22. Q8b5+ Kf8 23. dxe6 Be4 24. Qxe5 Bxf3 25. e7+ Ke8 26. exd8=Q+ Kxd8 {Black
resigns} 1-0

[Event "Team 45 45 League T100"]
[Site "Internet Chess Club"]
[Date "2024.06.22"]
[Round "6"]
[White "burlap"]
[Black "fireball"]
[Result "0-1"]
[WhiteElo "1455"]
[BlackElo "1565"]
[Opening "Benko's opening"]
[ECO "A00"]
[Time "09:01:23"]
[PlyCount "28"]
[TimeControl "2700+45"]

1. g3 d5 2. Bg2 e5 3. Nf3 e4 4. Nd4 Bc5 5. e3 f5 6. d3 Bxd4 7. exd4 Nf6 8. O-O
O-O 9. Bg5 Nc6 10. c3 h6 11. Bxf6 Qxf6 12. f3 Qg6 13. fxe4 fxe4 14. Rxf8+ Kxf8
{White resigns} 0-1

[Event "Team 45 45 League T100"]
[Site "Internet Chess Club"]
[Date "2024.06.21"]
[Round "6"]
[White "mongmong"]
[Black "Andressa"]
[Result "1-0"]
[WhiteElo "1482"]
[BlackElo "1258"]
[Opening "Queen's pawn game"]
[ECO "D05"]
[Time "15:16:14"]
[PlyCount "57"]
[TimeControl "2700+45"]

1. d4 d5 2. Nf3 Nf6 3. e3 e6 4. Bd3 Be7 5. O-O O-O 6. Nbd2 Nc6 7. c3 h6 8. Qe2
a6 9. e4 dxe4 10. Nxe4 Rb8 11. Nxf6+ Bxf6 12. Qe4 g6 13. Bxh6 Re8 14. Bf4 Qd5
15. Rfe1 Re7 16. Ne5 Nxe5 17. Bxe5 Qxe4 18. Rxe4 Bxe5 19. Rxe5 b6 20. Rae1 c6
21. a3 Bb7 22. Bc4 Rbe8 23. f4 b5 24. Ba2 Kg7 25. c4 f6 26. R5e3 a5 27. d5 cxd5
28. cxd5 Bc8 29. dxe6 {Black resigns} 1-0

[Event "Team 45 45 League T100"]
[Site "Internet Chess Club"]
[Date "2024.06.23"]
[Round "6"]
[White "trombone"]
[Black "Packerfan"]
[Result "1-0"]
[WhiteElo "1813"]
[BlackElo "1710"]
[Opening "Giuoco Piano"]
[ECO "C54"]
[Time "14:32:35"]
[PlyCount "61"]
[TimeControl "2700+45"]

1. e4 e5 2. Nf3 Nc6 3. Bc4 Bc5 4. c3 Nf6 5. d3 h6 6. Nbd2 a6 7. Bb3 d6 8. O-O
O-O 9. h3 Be6 10. Re1 Re8 11. Nf1 Ba7 12. Ng3 Qd7 13. Bc2 d5 14. exd5 Nxd5 15.
Nxe5 Nxe5 16. Rxe5 f6 17. Re1 Bf7 18. Bd2 Bg6 19. d4 Kh7 20. Bxg6+ Kxg6 21. Qh5+
Kh7 22. Ne4 Re6 23. Re2 Rae8 24. Rae1 Kg8 25. Qf5 Kh8 26. Kf1 Qc6 27. Nxf6 Nxf6
28. Rxe6 Rxe6 29. Rxe6 Qc4+ 30. Kg1 Qxa2 31. Bxh6 {Black resigns} 1-0

[Event "Team 45 45 League T100"]
[Site "Internet Chess Club"]
[Date "2024.06.23"]
[Round "6"]
[White "Megasus"]
[Black "Salvatore"]
[Result "1/2-1/2"]
[WhiteElo "1560"]
[BlackElo "1435"]
[Opening "Réti opening"]
[ECO "A04"]
[Time "18:00:11"]
[PlyCount "104"]
[TimeControl "2700+45"]

1. Nf3 e6 2. d4 f5 3. e3 d5 4. Ne5 Nf6 5. c3 Bd6 6. Nf3 O-O 7. Nbd2 c6 8. a3
Nbd7 9. Bd3 Nb6 10. b3 Bd7 11. h3 Be8 12. Qc2 Bh5 13. g4 Bg6 14. Ng5 Qd7 15.
Nxe6 Qxe6 16. gxf5 Bxf5 17. Bxf5 Qe7 18. Rg1 Rae8 19. c4 c5 20. Bb2 Ne4 21. Nxe4
dxe4 22. Bg4 cxd4 23. Bxd4 Be5 24. Qxe4 Bxd4 25. Qxd4 Qe5 26. Qxe5 Rxe5 27.
O-O-O a5 28. Rd4 Rxf2 29. Rd8+ Rf8 30. Rxf8+ Kxf8 31. Rf1+ Ke7 32. Re1 a4 33.
Kb2 axb3 34. Kxb3 h5 35. Bf3 Nd7 36. Kb4 b6 37. Kc3 h4 38. Kd4 Ra5 39. Rg1 g5
40. Ra1 Kf6 41. e4 Ne5 42. Be2 Nc6+ 43. Kc3 Ke5 44. Bd3 Kf4 45. Rf1+ Kg3 46. Rf5
Rxa3+ 47. Kd2 Ra2+ 48. Ke3 Ra5 49. Rf3+ Kg2 50. Bf1+ Kg1 51. Bd3 Ra3 52. Rf5 Ra5
{Game drawn by mutual agreement} 1/2-1/2

[Event "Team 45 45 League T100"]
[Site "Internet Chess Club"]
[Date "2024.06.22"]
[Round "6"]
[White "justice02"]
[Black "fvafier"]
[Result "1-0"]
[WhiteElo "1549"]
[BlackElo "1422"]
[Opening "English: Caro-Kann defensive system"]
[ECO "A12"]
[Time "14:00:25"]
[PlyCount "91"]
[TimeControl "2700+45"]

1. Nf3 d5 2. c4 c6 3. b3 Nf6 4. Bb2 e6 5. g3 Be7 6. Bg2 O-O 7. O-O Nbd7 8. d4 b6
9. Nbd2 Bb7 10. Rc1 Rc8 11. Qc2 c5 12. Rfd1 cxd4 13. Nxd4 Ba6 14. Qb1 Bc5 15.
cxd5 exd5 16. N2f3 Qe7 17. e3 Qe4 18. Qa1 Qe8 19. a4 Ne4 20. Re1 Bb4 21. Rxc8
Qxc8 22. Rc1 Qb7 23. Nc6 Bc5 24. b4 Qxc6 25. bxc5 f6 26. Nd4 Qa8 27. Ne6 Rc8 28.
cxb6 Rxc1+ 29. Qxc1 axb6 30. Nc7 Qb7 31. Bh3 Nec5 32. Ne8 Qb8 33. Nxg7 Kxg7 34.
Qd1 Qd6 35. Bf5 Qe7 36. Ba3 Qf7 37. Qd4 Bc4 38. a5 bxa5 39. Bxc5 Nxc5 40. Qxc5
a4 41. Qb4 Bb3 42. Qg4+ Kf8 43. Be6 Qg7 44. Qd4 Qb7 45. Qxf6+ Ke8 46. Qh8+
{Black resigns} 1-0

[Event "Team 45 45 League T100"]
[Site "Internet Chess Club"]
[Date "2024.06.21"]
[Round "6"]
[White "fishhead"]
[Black "room-matt"]
[Result "1/2-1/2"]
[WhiteElo "2038"]
[BlackElo "1821"]
[Opening "Ruy Lopez: Bird's defense"]
[ECO "C61"]
[Time "14:35:11"]
[PlyCount "88"]
[TimeControl "2700+45"]

1. e4 e5 2. Nf3 Nc6 3. Bb5 Nd4 4. Nxd4 exd4 5. d3 Bc5 6. Bf4 c6 7. Ba4 d5 8. e5
Qa5+ 9. c3 dxc3 10. bxc3 d4 11. Bd2 Qc7 12. O-O Ne7 13. Bf4 Nd5 14. Bg3 O-O 15.
c4 Ne7 16. Nd2 Nf5 17. Bf4 Bb4 18. Ne4 f6 19. c5 Kh8 20. Rb1 a5 21. Qb3 fxe5 22.
Bg5 Bxc5 23. Nxc5 b5 24. Rfc1 bxa4 25. Qxa4 Nd6 26. Qb3 Rf5 27. Bh4 Rh5 28. Bg3
Nf5 29. Qb6 Qxb6 30. Rxb6 Nxg3 31. hxg3 h6 32. f3 Rg5 33. g4 Rg6 34. a4 Kg8 35.
Rcb1 Kf7 36. Kf2 Ke7 37. Re1 Kd6 38. Ne4+ Kc7 39. Rbb1 Ba6 40. Nc5 Kd6 41. Rbc1
Bc8 42. Kg3 Ra7 43. Kh4 Re7 44. Ne4+ Kc7 {Game drawn by mutual agreement}
1/2-1/2

[Event "Team 45 45 League T100"]
[Site "Internet Chess Club"]
[Date "2024.06.23"]
[Round "6"]
[White "Beetlejuice"]
[Black "LookImYourVader"]
[Result "1/2-1/2"]
[WhiteElo "1727"]
[BlackElo "1745"]
[Opening "English opening"]
[ECO "A10"]
[Time "15:00:43"]
[PlyCount "75"]
[TimeControl "2700+45"]

1. c4 b6 2. Nc3 Bb7 3. e4 e5 4. d3 Nc6 5. g3 Bc5 6. Bg2 Nge7 7. Nge2 O-O 8. O-O
Nd4 9. Rb1 Nxe2+ 10. Nxe2 Nc6 11. Kh1 f5 12. f4 fxe4 13. Bxe4 Qc8 14. fxe5 Rxf1+
15. Qxf1 Nxe5 16. Qg2 Bxe4 17. Qxe4 Ng6 18. d4 Be7 19. Nf4 Nxf4 20. Bxf4 Bf6 21.
b3 Rb8 22. Re1 d6 23. Kg2 Qd7 24. Qd5+ Qf7 25. Qe4 d5 26. cxd5 Rd8 27. Rc1 Qxd5
28. Qxd5+ Rxd5 29. Rxc7 a5 30. Rc2 Rxd4 31. Bc7 Bd8 32. Be5 Rd5 33. Bf4 Kf7 34.
Be3 Rd3 35. Kf2 Ke6 36. Ke2 Rd5 37. Rc4 b5 38. Re4+ {Game drawn by mutual
agreement} 1/2-1/2

[Event "Team 45 45 League T100"]
[Site "Internet Chess Club"]
[Date "2024.06.25"]
[Round "6"]
[White "ElValero"]
[Black "bobhill"]
[Result "0-1"]
[WhiteElo "1722"]
[BlackElo "1918"]
[Opening "Réti opening"]
[ECO "A30"]
[Time "14:02:09"]
[PlyCount "56"]
[TimeControl "2700+45"]

1. Nf3 c5 2. c4 Nc6 3. d4 cxd4 4. Nxd4 g6 5. Nc3 Bg7 6. Nc2 Nf6 7. e4 O-O 8. Be3
d6 9. Be2 Ne5 10. f3 Be6 11. b3 Nc6 12. Qd2 Qa5 13. Nd4 a6 14. O-O Nxd4 15. Bxd4
b5 16. cxb5 axb5 17. Bxb5 Rfc8 18. Bd3 Ng4 19. Bxg7 Kxg7 20. Rac1 Ne5 21. Rc2
Qb6+ 22. Kh1 Qd4 23. Rd1 Nxd3 24. Qxd3 Qxd3 25. Rxd3 Bxb3 26. Rb2 Bxa2 27. Kg1
Be6 28. Rb7 Ra3 {White resigns} 0-1

[Event "Team 45 45 League T100"]
[Site "Internet Chess Club"]
[Date "2024.06.24"]
[Round "6"]
[White "zugknightly"]
[Black "BuddyT"]
[Result "1/2-1/2"]
[WhiteElo "1830"]
[BlackElo "1866"]
[Opening "English: Neo-Catalan accepted"]
[ECO "A13"]
[Time "21:01:36"]
[PlyCount "101"]
[TimeControl "2700+45"]

1. c4 Nf6 2. g3 e6 3. Bg2 d5 4. Nf3 dxc4 5. Qa4+ Bd7 6. Qxc4 c5 7. Qc2 Bc6 8.
O-O Nbd7 9. d3 Be7 10. Nc3 O-O 11. Rd1 b5 12. a3 b4 13. axb4 cxb4 14. Na4 Rc8
15. Qb1 Qa5 16. b3 Qh5 17. Bg5 h6 18. Bxf6 Nxf6 19. e4 Ng4 20. h3 Ne5 21. Nxe5
Qxe5 22. Qb2 Qg5 23. Qd2 Qxd2 24. Rxd2 Bf6 25. Nb2 Bc3 26. Re2 Bb5 27. Bf1 Bxd3
28. Nxd3 Bxa1 29. Ra2 Bc3 30. Rxa7 Ra8 31. Rb7 Ra3 32. Nc5 Rd8 33. Bc4 Rd2 34.
Nd3 Raa2 35. Rd7 Rd1+ 36. Kg2 Be1 37. Rd8+ Kh7 38. Rf8 Rxd3 39. Bxd3 Rxf2+ 40.
Kg1 Rf3 41. Be2 Rxb3 42. Rxf7 Rxg3+ 43. Kf1 Bc3 44. Bg4 e5 45. Bf5+ Kg8 46. Rb7
Rd3 47. Bg6 Kf8 48. Rf7+ Kg8 49. Rb7 Kf8 50. Rf7+ Kg8 51. Rb7 {Game drawn by
repetition} 1/2-1/2

[Event "Team 45 45 League T100"]
[Site "Internet Chess Club"]
[Date "2024.06.22"]
[Round "6"]
[White "QuieroAprender"]
[Black "Lawkeito"]
[Result "1-0"]
[WhiteElo "1760"]
[BlackElo "1663"]
[Opening "Levitsky attack (Queen's bishop attack)"]
[ECO "D00"]
[Time "15:06:36"]
[PlyCount "42"]
[TimeControl "2700+45"]

1. d4 d5 2. Bg5 Nf6 3. Bxf6 gxf6 4. e3 Bg7 5. c4 c6 6. Nc3 O-O 7. Qh5 e5 8. cxd5
cxd5 9. O-O-O Be6 10. Bd3 e4 11. Bc2 Nc6 12. a3 Na5 13. f3 f5 14. g4 fxg4 15.
fxe4 dxe4 16. Nxe4 Re8 17. Ng5 h6 18. h4 Rc8 19. Nxe6 Rxe6 20. Kb1 Rxe3 21. Qxg4
Qb6 {Black resigns} 1-0

[Event "Team 45 45 League T100"]
[Site "Internet Chess Club"]
[Date "2024.06.29"]
[Round "6"]
[White "VictorRed"]
[Black "Portola"]
[Result "1-0"]
[WhiteElo "1649"]
[BlackElo "1647"]
[Opening "English: Mikenas-Carls variation"]
[ECO "A18"]
[Time "19:45:09"]
[PlyCount "87"]
[TimeControl "2700+45"]

1. c4 e6 2. e4 Nf6 3. Nc3 d5 4. cxd5 exd5 5. e5 Ng4 6. d4 c6 7. Be2 Nh6 8. Bxh6
gxh6 9. Bh5 Be6 10. Nge2 Qg5 11. Ng3 Rg8 12. O-O Bg4 13. Bxg4 Qxg4 14. Qd3 Qg6
15. Qe2 Nd7 16. f4 Qg4 17. Rf3 O-O-O 18. h3 Qh4 19. Qf2 Bb4 20. Rc1 Kb8 21. a3
Ba5 22. Qe3 Qe7 23. Nf5 Qf8 24. Na4 Bc7 25. b4 a6 26. Nc5 Nxc5 27. bxc5 Re8 28.
Qd3 Ka8 29. Rb1 Ka7 30. Qc2 Re6 31. Rfb3 Qa8 32. R1b2 Rb8 33. Nh4 Bd8 34. f5 Re7
35. f6 Rd7 36. Qxh7 Ba5 37. Qxh6 Rh8 38. Qf4 Qg8 39. Nf5 Qh7 40. Nd6 Rb8 41. Qf5
Qh4 42. Qxd7 Qxd4+ 43. Kh2 Qxe5+ 44. g3 {Black resigns} 1-0

[Event "Team 45 45 League T100"]
[Site "Internet Chess Club"]
[Date "2024.06.24"]
[Round "6"]
[White "julesraider"]
[Black "kabindra"]
[Result "0-1"]
[WhiteElo "1613"]
[BlackElo "1768"]
[Opening "Queen's gambit accepted"]
[ECO "D20"]
[Time "18:01:35"]
[PlyCount "48"]
[TimeControl "2700+45"]

1. d4 d5 2. c4 dxc4 3. Nc3 e5 4. d5 Nf6 5. e4 b5 6. Nf3 b4 7. Nb1 Nxe4 8. Bxc4
Bc5 9. O-O Nd6 10. Nxe5 Qf6 11. Qa4+ Nd7 12. Nxd7 Bxd7 13. Re1+ Kf8 14. Qc2 Nxc4
15. Be3 Bxe3 16. fxe3 Qxb2 17. Qxc4 Qxa1 18. Qxc7 Bf5 19. Qc5+ Kg8 20. d6 Bxb1
21. d7 Qc3 22. Rc1 Qxc5 23. Rxc5 g6 24. Rc8+ Kg7 {White resigns} 0-1

[Event "Team 45 45 League T100"]
[Site "Internet Chess Club"]
[Date "2024.06.23"]
[Round "6"]
[White "primerpaso"]
[Black "fileman"]
[Result "1-0"]
[WhiteElo "1836"]
[BlackElo "1737"]
[Opening "English: Sicilian reversed"]
[ECO "A25"]
[Time "14:05:34"]
[PlyCount "47"]
[TimeControl "2700+45"]

1. c4 Nc6 2. Nc3 e5 3. g3 Bc5 4. Bg2 Nge7 5. e3 a5 6. Nge2 d6 7. O-O Bf5 8. d4
exd4 9. exd4 Bb6 10. b3 O-O 11. Bb2 Qc8 12. Re1 Nb4 13. Be4 d5 14. Bb1 c5 15.
Na4 Ba7 16. dxc5 Bxc5 17. a3 Na6 18. cxd5 Rd8 19. Nf4 Ng6 20. Nxg6 Bxg6 21. Bxg6
hxg6 22. Rc1 Rb8 23. Nxc5 Nxc5 24. Qd4 {Black resigns} 1-0

[Event "Team 45 45 League T100"]
[Site "Internet Chess Club"]
[Date "2024.06.25"]
[Round "6"]
[White "MrAbendroth"]
[Black "trombone"]
[Result "0-1"]
[WhiteElo "1606"]
[BlackElo "1821"]
[Opening "Pirc: classical, h3 system"]
[ECO "B06"]
[Time "08:03:03"]
[PlyCount "76"]
[TimeControl "2700+45"]

1. e4 g6 2. d4 Bg7 3. Nf3 d6 4. h3 Nf6 5. Nc3 O-O 6. Be3 a6 7. Bd3 b5 8. Ne2 Bb7
9. Ng3 Nbd7 10. c3 e5 11. dxe5 dxe5 12. Qc2 Qe7 13. O-O Nc5 14. Bxc5 Qxc5 15.
Rfe1 Rad8 16. Bf1 h5 17. Rad1 Bh6 18. b4 Qe7 19. c4 Rxd1 20. Rxd1 Bf4 21. Bd3
Qxb4 22. cxb5 Bxg3 23. fxg3 axb5 24. Rb1 Qd6 25. Rxb5 Ba6 26. Rb3 Re8 27. Bxa6
Qxa6 28. Rc3 Re7 29. Kh2 Qb7 30. Rc6 Kg7 31. Qc4 Ne8 32. Qd5 Kf8 33. Qc5 Nd6 34.
Qc2 f6 35. a4 Qa7 36. Nh4 Kg7 37. a5 Qxa5 38. Rc4 Nxc4 {White resigns} 0-1

[Event "Team 45 45 League T100"]
[Site "Internet Chess Club"]
[Date "2024.06.25"]
[Round "6"]
[White "jjmolina1"]
[Black "LoseOften"]
[Result "1-0"]
[WhiteElo "1529"]
[BlackElo "1646"]
[Opening "Ruy Lopez: Anderssen variation"]
[ECO "C77"]
[Time "08:30:10"]
[PlyCount "87"]
[TimeControl "2700+45"]

1. e4 e5 2. Nf3 Nc6 3. Bb5 a6 4. Ba4 Nf6 5. d3 b5 6. Bb3 Be7 7. c3 O-O 8. Qe2 d6
9. Nbd2 Bg4 10. Nf1 Na5 11. Bc2 c5 12. Ne3 Bh5 13. Nf5 Nc6 14. Ng3 Bxf3 15. Qxf3
Re8 16. Nf5 Bf8 17. Bg5 h6 18. Nxh6+ gxh6 19. Bxf6 Qd7 20. g4 b4 21. g5 bxc3 22.
bxc3 Rab8 23. Rg1 Rb2 24. Kd1 Qe6 25. Bb3 Rxb3 26. axb3 Qxb3+ 27. Kd2 Qb2+ 28.
Ke3 Nd4 29. Qg4 Kh7 30. g6+ Kg8 31. gxf7+ Kxf7 32. Qg6+ Ke6 33. Qxe8+ Kxf6 34.
Qg6+ Ke7 35. Qh7+ Kd8 36. cxd4 Qxd4+ 37. Ke2 c4 38. Rgd1 cxd3+ 39. Kf1 d2 40.
Qf5 h5 41. Qxf8+ Kd7 42. Qf5+ Kd8 43. Qg5+ Kd7 44. Qxd2 {Black resigns} 1-0

[Event "Team 45 45 League T100"]
[Site "Internet Chess Club"]
[Date "2024.06.23"]
[Round "6"]
[White "Redman1"]
[Black "Gilguli"]
[Result "1-0"]
[WhiteElo "1557"]
[BlackElo "1422"]
[Opening "Old Benoni defense"]
[ECO "A43"]
[Time "14:38:11"]
[PlyCount "59"]
[TimeControl "2700+45"]

1. d4 c5 2. d5 d6 3. c4 e5 4. e4 g6 5. Nf3 h6 6. Nc3 Bg7 7. Be2 Ne7 8. Nd2 O-O
9. O-O f5 10. exf5 gxf5 11. f3 f4 12. Nde4 a6 13. Bd2 Kh7 14. Kh1 Nf5 15. Qe1
Qe7 16. Na4 Nd7 17. b4 Nf6 18. Nb6 Rb8 19. Nxc8 Rbxc8 20. Bd3 Kh8 21. Rb1 Rg8
22. bxc5 dxc5 23. Rb6 Qf7 24. Nxf6 Ng3+ 25. Kg1 Nxf1 26. Nxg8 Nxd2 27. Qxd2 Rxg8
28. Be4 Bf6 29. d6 Bd8 30. Rxb7 {Black resigns} 1-0

[Event "Team 45 45 League T100"]
[Site "Internet Chess Club"]
[Date "2024.06.20"]
[Round "6"]
[White "julesraider"]
[Black "fhunfi"]
[Result "1-0"]
[WhiteElo "1623"]
[BlackElo "1706"]
[Opening "QGD: Janowski variation"]
[ECO "D31"]
[Time "19:33:52"]
[PlyCount "77"]
[TimeControl "2700+45"]

1. d4 d5 2. c4 e6 3. Nc3 a6 4. cxd5 exd5 5. Qc2 Nf6 6. Bg5 Be6 7. Nf3 Nbd7 8. e3
Bd6 9. Bd3 h6 10. Bh4 c5 11. O-O Rc8 12. Rfe1 O-O 13. Rad1 cxd4 14. Nxd4 Nc5 15.
Be2 Nce4 16. Bxf6 Nxf6 17. f3 Bb4 18. Qb3 Bxc3 19. bxc3 Qd7 20. Rb1 Rc7 21. a4
Rfc8 22. Rec1 Ne8 23. Bd3 Nd6 24. Kf2 Nf5 25. Bxf5 Bxf5 26. Rb2 Bd3 27. Rd2 Bh7
28. Ne2 Rc4 29. Nf4 Qxa4 30. Qxb7 Qa3 31. Rcd1 R4c7 32. Qxd5 Rxc3 33. e4 Qe7 34.
Qa2 Qc7 35. Nd5 Qc5+ 36. Kf1 Rc1 37. Qxa6 Rxd1+ 38. Rxd1 Bg6 39. Qxc8+ {Black
resigns} 1-0

[Event "Team 45 45 League T100"]
[Site "Internet Chess Club"]
[Date "2024.06.26"]
[Round "6"]
[White "evan7284"]
[Black "ARMAND02019"]
[Result "1-0"]
[WhiteElo "1661"]
[BlackElo "1550"]
[Opening "Queen's pawn, Mason variation"]
[ECO "D00"]
[Time "09:12:14"]
[PlyCount "87"]
[TimeControl "2700+45"]

1. d4 d5 2. Bf4 c6 3. c3 g6 4. e3 Bg7 5. h4 Nf6 6. Nd2 Bg4 7. f3 Bf5 8. g4 Bd7
9. Bd3 Qb6 10. Qb3 Qxb3 11. axb3 a6 12. b4 h5 13. g5 Ng8 14. Nb3 Bc8 15. Ne2 Nd7
16. Kd2 e5 17. Bg3 exd4 18. exd4 Ne7 19. Rhe1 O-O 20. Bd6 Re8 21. Ng3 Bf8 22.
Re2 Nb6 23. Rae1 Be6 24. Nc5 Nf5 25. Nxf5 gxf5 26. Bxf8 Kxf8 27. Nxe6+ fxe6 28.
Rxe6 Rxe6 29. Rxe6 Nc4+ 30. Bxc4 dxc4 31. Rf6+ Kg7 32. Rxf5 Rd8 33. Ke3 Re8+ 34.
Re5 Rb8 35. f4 b6 36. f5 Rb7 37. f6+ Kf7 38. Re7+ Rxe7+ 39. fxe7 Kxe7 40. Kf4
Ke6 41. Ke4 a5 42. bxa5 bxa5 43. Kf4 a4 44. Ke4 {Black resigns} 1-0

[Event "Team 45 45 League T100"]
[Site "Internet Chess Club"]
[Date "2024.06.21"]
[Round "6"]
[White "BrerRabbit"]
[Black "tightfist"]
[Result "1/2-1/2"]
[WhiteElo "1303"]
[BlackElo "1491"]
[Opening "Queen's pawn"]
[ECO "A40"]
[Time "19:03:15"]
[PlyCount "65"]
[TimeControl "2700+45"]

1. d4 e6 2. Nf3 d5 3. g3 Nf6 4. Bg2 Bd6 5. O-O O-O 6. c4 b6 7. Qc2 Bb7 8. cxd5
exd5 9. Nc3 a6 10. Bd2 Nc6 11. a3 Ne7 12. Rac1 Ng6 13. Rfe1 Rc8 14. Na2 c5 15.
dxc5 Rxc5 16. Qb3 Rxc1 17. Rxc1 Ne4 18. Bb4 Nc5 19. Bxc5 Bxc5 20. Rxc5 bxc5 21.
Qxb7 Re8 22. e3 Qd6 23. Qb3 Rb8 24. Qc2 Qf6 25. Nc3 Ne7 26. Na4 c4 27. Nd4 g6
28. Nc3 Qd6 29. Na4 Kg7 30. Qc3 Kg8 31. Qc2 Kg7 32. Qc3 Kg8 33. Qc2 {Game drawn
by repetition} 1/2-1/2

[Event "Team 45 45 League T100"]
[Site "Internet Chess Club"]
[Date "2024.06.24"]
[Round "6"]
[White "Gojira"]
[Black "Portola"]
[Result "1/2-1/2"]
[WhiteElo "1652"]
[BlackElo "1665"]
[Opening "QGD: classical variation (5.Bf4)"]
[ECO "D37"]
[Time "22:02:05"]
[PlyCount "163"]
[TimeControl "2700+45"]

1. d4 d5 2. Nf3 Nf6 3. c4 e6 4. Nc3 Be7 5. Bf4 c6 6. e3 O-O 7. Qc2 Nbd7 8. cxd5
exd5 9. h3 Re8 10. Bd3 Nf8 11. O-O Ng6 12. Bh2 Bd6 13. Rac1 Bxh2+ 14. Kxh2 Qd6+
15. Kg1 Bd7 16. b4 Re7 17. Ne2 Ne4 18. Nd2 Rae8 19. Nc3 Nxc3 20. Qxc3 f5 21. Qc2
Qf6 22. Nf3 a6 23. Rce1 Nf8 24. Ne5 Bc8 25. f4 g6 26. a4 Nd7 27. Rc1 Nxe5 28.
dxe5 Qh4 29. Qc5 Be6 30. b5 axb5 31. axb5 cxb5 32. Bxb5 Rc8 33. Qd6 Rxc1 34.
Rxc1 Kf7 35. Kh2 Qh6 36. Rc7 Qf8 37. Bd7 Rxd7 38. Rxd7+ Bxd7 39. Qxd7+ Qe7 40.
Qxd5+ Kg7 41. Kg3 g5 42. Kf3 gxf4 43. exf4 Qa3+ 44. Kf2 Qb2+ 45. Kg3 Qc3+ 46.
Qf3 Qe1+ 47. Qf2 Qe4 48. Qf3 Qe1+ 49. Kh2 Qe4 50. Qg3+ Kh8 51. Qg5 b5 52. Qd8+
Kg7 53. Qd7+ Kg6 54. Qxb5 Qxf4+ 55. Kg1 Qe3+ 56. Kf1 Qc1+ 57. Ke2 Qc2+ 58. Kf3
Qe4+ 59. Kg3 Kg5 60. Kh2 Qf4+ 61. Kg1 Qe3+ 62. Kh1 Qe1+ 63. Kh2 h5 64. Qd5 h4
65. Qg8+ Kf4 66. e6 Qe5 67. g3+ Kf3 68. Qa8+ Ke3 69. Qa3+ Ke4 70. Qa4+ Kf3 71.
Qb3+ Ke4 72. Qb1+ Kd5 73. Qb5+ Kxe6 74. Qe8+ Kd5 75. Qd8+ Ke6 76. Qe8+ Kd5 77.
Qxe5+ Kxe5 78. Kg2 hxg3 79. Kxg3 Kf6 80. Kh4 Kg6 81. Kg3 Kh5 82. Kf4 {Game drawn
by mutual agreement} 1/2-1/2

[Event "Team 45 45 League T100"]
[Site "Internet Chess Club"]
[Date "2024.06.22"]
[Round "6"]
[White "Signofthetimes"]
[Black "Rookmaster"]
[Result "1-0"]
[WhiteElo "1530"]
[BlackElo "1487"]
[Opening "Philidor's defense"]
[ECO "C41"]
[Time "07:01:05"]
[PlyCount "87"]
[TimeControl "2700+45"]

1. e4 d6 2. Nf3 e5 3. Bc4 h6 4. Nc3 Nf6 5. d4 Nbd7 6. dxe5 dxe5 7. Bxf7+ Kxf7 8.
Nxe5+ Ke8 9. Ng6 Rg8 10. e5 Nxe5 11. Qxd8+ Kxd8 12. Nxe5 Bd6 13. Nf7+ Ke7 14.
Nxd6 Kxd6 15. Bf4+ Kc6 16. f3 Re8+ 17. Kf2 Bf5 18. Rac1 Re7 19. Ne2 Rd8 20. c3
Bh7 21. Nd4+ Kb6 22. Rhe1 Red7 23. Ne6 Rc8 24. Be3+ c5 25. b4 Bg8 26. Nxc5 Rxc5
27. Bxc5+ Kc6 28. a4 b6 29. Bd4 Nd5 30. Re5 Nf4 31. Rd1 Bb3 32. Rd2 Bxa4 33. g3
Nh3+ 34. Kg2 Ng5 35. Rde2 Bd1 36. R2e3 Bb3 37. h4 Nh7 38. Re7 g5 39. Rxd7 Kxd7
40. hxg5 Nxg5 41. Bf6 Ne6 42. Kh3 Bc4 43. Kh4 Bb3 44. Kh5 {Black resigns} 1-0

[Event "Team 45 45 League T100"]
[Site "Internet Chess Club"]
[Date "2024.06.21"]
[Round "6"]
[White "BlueStorm"]
[Black "nosir"]
[Result "1-0"]
[WhiteElo "1533"]
[BlackElo "1422"]
[Opening "Pirc: classical (two knights) system"]
[ECO "B08"]
[Time "07:00:32"]
[PlyCount "87"]
[TimeControl "2700+45"]

1. e4 d6 2. d4 Nf6 3. Nc3 g6 4. Nf3 Bg7 5. Be3 c6 6. Qd2 b5 7. b4 Bg4 8. Be2
Nbd7 9. h3 Bxf3 10. Bxf3 Qc7 11. Nxb5 cxb5 12. e5 Rc8 13. exf6 Bxf6 14. Rc1 O-O
15. O-O Bg7 16. Be2 a6 17. c4 Qb8 18. c5 d5 19. Bf3 e6 20. Rfe1 Rc6 21. Bf4 Qe8
22. Bd6 Nf6 23. Bxf8 Qxf8 24. Re2 Bh6 25. Qd1 Bxc1 26. Qxc1 Qg7 27. Qf4 Nd7 28.
Bxd5 exd5 29. Re8+ Nf8 30. Qb8 Re6 31. Rxe6 fxe6 32. c6 Qh6 33. Qd6 e5 34. Qxd5+
Ne6 35. Qxe6+ Kf8 36. Qf6+ Kg8 37. dxe5 Qc1+ 38. Kh2 Qc3 39. Qd6 Qc4 40. e6 g5
41. c7 g4 42. Qg3 Kf8 43. Qd6+ Kg7 44. hxg4 {Black resigns} 1-0

[Event "Team 45 45 League T100"]
[Site "Internet Chess Club"]
[Date "2024.06.22"]
[Round "6"]
[White "herrahuu"]
[Black "trogers41"]
[Result "1-0"]
[WhiteElo "1355"]
[BlackElo "1382"]
[Opening "Four knights: double Ruy Lopez"]
[ECO "C49"]
[Time "07:00:28"]
[PlyCount "71"]
[TimeControl "2700+45"]

1. e4 e5 2. Nf3 Nc6 3. Nc3 Nf6 4. Bb5 Bb4 5. O-O O-O 6. Re1 d6 7. Nd5 Bc5 8. d3
h6 9. h3 Nd4 10. Bc4 c6 11. Ne3 b5 12. Bb3 a5 13. a3 Nxb3 14. cxb3 Be6 15. Nf1
Qc7 16. Be3 Ba7 17. Bxa7 Rxa7 18. Ne3 Rd8 19. Rc1 Qd7 20. Qc2 Rc8 21. Red1 c5
22. Rd2 Qc7 23. Qd1 d5 24. exd5 Nxd5 25. Nxd5 Bxd5 26. b4 Qd6 27. bxc5 Rxc5 28.
Rxc5 Qxc5 29. Nxe5 Qd4 30. Nf3 Qf4 31. d4 f6 32. Rd3 Rc7 33. Re3 Kf7 34. Nh2 Rc4
35. Qh5+ g6 36. Qxd5+ {Black resigns} 1-0

[Event "Team 45 45 League T100"]
[Site "Internet Chess Club"]
[Date "2024.06.22"]
[Round "6"]
[White "ElValero"]
[Black "AlWynJones"]
[Result "1-0"]
[WhiteElo "1730"]
[BlackElo "1501"]
[Opening "Sicilian: Smith-Morra gambit"]
[ECO "B21"]
[Time "12:00:30"]
[PlyCount "51"]
[TimeControl "2700+45"]

1. e4 c5 2. d4 cxd4 3. c3 dxc3 4. Nxc3 Nc6 5. Nf3 d6 6. Bc4 a6 7. O-O Nf6 8. h3
b5 9. Bb3 b4 10. Na4 Bb7 11. Qe2 Na5 12. Bc2 Qd7 13. Nb6 Qc6 14. Nxa8 Bxa8 15.
e5 dxe5 16. Bg5 e4 17. Nd4 Qd5 18. Bxf6 gxf6 19. Ba4+ Kd8 20. Qxa6 Rg8 21. Nc6+
Bxc6 22. Rfd1 Bb7 23. Rxd5+ Bxd5 24. Qxa5+ Kc8 25. Rc1+ Kb7 26. Qxd5+ {Black
resigns} 1-0

[Event "Team 45 45 League T100"]
[Site "Internet Chess Club"]
[Date "2024.06.23"]
[Round "6"]
[White "fvafier"]
[Black "Salvatore"]
[Result "0-1"]
[WhiteElo "1406"]
[BlackElo "1429"]
[Opening "French: advance variation"]
[ECO "C02"]
[Time "09:00:08"]
[PlyCount "52"]
[TimeControl "2700+45"]

1. e4 e6 2. d4 d5 3. e5 Bd7 4. Nf3 a6 5. Bd3 Bb5 6. Nc3 Bxd3 7. Qxd3 Ne7 8. O-O
Nf5 9. g4 Ne7 10. Ne1 g6 11. f4 Nd7 12. Nf3 c5 13. h4 Nc6 14. Be3 cxd4 15. Bxd4
Nxd4 16. Nxd4 Qxh4 17. Qf3 Bc5 18. Ne2 h5 19. g5 Nxe5 20. fxe5 Bxd4+ 21. Kg2
Qxg5+ 22. Kh1 Qh4+ 23. Kg2 O-O 24. Rh1 Qg5+ 25. Kh3 Bxe5 26. Qb3 Qg4# {White
checkmated} 0-1